Unix NetHack Version 5.0.0-0 post-release - last build May 10 2026 23:12:36 (d1fa5d53e341ca933230fdaa984d921c805b60aa,branch:main).

Game began 2026-05-16 01:16:29, ended 2026-05-16 01:33:08.

Drastanta, lawful male human Samurai

       ----------  -------                     ------
       |........----.....-----       -----     |(((.|--           ----
       +..{...|......--...|..--    ---...---   |(((.-.|     -------..--
       |.....--------|....|...|-----.......--  |+((.|.|     |.........-----+-
       --|--.|       |........|..--.........---------.--+-- --..............|
           |.|      --...|...-|.......G...|...............----....{.....-----
           |.|      +...-|....--..........|-..-----.---)-...............-..|
     -------.|      --...---........|....-|.....--|..|..|--..|.........-|..|
     |.......|       |....|...|..--.|...---..|...-|..|..|-...|-...---.------
    ---------------  |--....------|.|-..|...---...-------....--------|---
    |...|[%haaa@!/|  |.......--|..|.|---|..........|...|........|  |....|
    --..|@a.a.a...|--|....{...||..|.|   ----...........---.....*-- |%%!%|
    --..--|--------..|-.......||....|      --.---...........%.|%.| ------
    |................--......-----|.|       |.| ----.....|....|.%--
    -+--........--.-.....-+---    |.|       |.|    --...----..|....|.----
       ---..-|---..|---..|        |.+     ---|---   -----  ----.........|--
         |.-|.. |..   ----        ---     |.....|    ----        -.....-|.--
         -.--.---|-                       |.._..|    |..|---------.|....|..--
         ..  .  ..                        |[....|    |..--.........|---.....|
        ----------                        -------    --.......------  ---..<|
                                                      ---------         -----
Drastanta the Ninja    St:16 Dx:15 Co:18 In:9 Wi:7 Ch:10  Lawful
Dlvl:7  $:37 HP:0(57) Pw:21(21) AC:5  Xp:6 T:2209 

Latest messages:
 You see here a purple-red potion (for sale, 67 zorkmids).
 You see here an ivory ring (for sale, 200 zorkmids).
 You miss the killer bee.
 The killer bee stings!
 You miss the killer bee.
 The killer bee stings!
 You miss the killer bee.
 The killer bee stings!
 The killer bee stings!
 The killer bee misses!
 You hit the killer bee.
 The killer bee stings!
 The killer bee stings!
 You miss the killer bee.
 The killer bee stings!
 The killer bee misses!
 You kill the killer bee!
 You miss the killer bee.
 The killer bee misses!
 You miss the killer bee.
 The killer bee just misses!
 The killer bee stings!
 The killer bee misses!
 You miss the killer bee.
 The killer bee stings!
 The killer bee misses!
 The killer bee stings!
 You miss the killer bee.
 The killer bee stings!
 The killer bee stings!
 The killer bee stings!
 You hit the killer bee.
 The killer bee stings!
 The killer bee misses!
 You miss the killer bee.
 The killer bee stings!
 You miss the killer bee.
 The killer bee stings!
 The killer bee stings!
 The killer bee stings!
 You miss the killer bee.
 The killer bee misses!
 The killer bee stings!
 You miss the killer bee.
 The killer bee stings!
 The killer bee's sting was poisoned!
 You hear the howling of the CwnAnnwn...
 You die...
 Wonotobo gratefully inherits all your possessions.
 Do you want to see what you had when you died? [ynq] (y) q

Inventory:
 Coins    ('$')
  $ - 37 gold pieces
 Weapons  (')')
  d - 28 +0 ya (in quiver)
  c - a +0 yumi (alternate weapon; not wielded)
  h - a +0 orcish dagger
  a - a blessed +0 katana (weapon in right hand)
  b - a +0 wakizashi
 Armor    ('[')
  q - an uncursed +0 elven mithril-coat (being worn)
 Comestibles  ('%')
  k - an uncursed cream pie
  j - 2 uncursed gunyoki
 Scrolls  ('?')
  r - a blessed scroll of enchant weapon
  o - an uncursed scroll of food detection
 Potions  ('!')
  f - an uncursed potion of healing
  t - an uncursed potion of water
 Rings    ('=')
  i - an uncursed ring of levitation
  n - an uncursed ring of searching
 Wands    ('/')
  s - a wand of death (0:4)
  u - a wand of light (0:12)
  v - a wand of magic missile (0:7)
  w - a wand of striking (0:4)
 Tools    ('(')
  p - an empty uncursed bag of holding
  y - an uncursed oil lamp

Drastanta the Samurai's attributes:

Background:
 You were a Ninja, a level 6 male human Samurai.
 You were lawful, on a mission for Amaterasu Omikami
 who was opposed by Raijin (neutral) and Susanowo (chaotic).
 You were right-handed.
 You were in the Gnomish Mines, on level 7.
 You entered the dungeon 2209 turns ago.
 It was nighttime.
 There was a new moon in effect when your adventure ended.
 You had 543 experience points, 97 more were needed to attain level 7.

Basics:
 You had 0 out of 57 hit points.
 You had all 21 energy points (spell power).
 Your armor class was 5.
 Your wallet contained 37 zorkmids.
 Autopickup was off.

Final Characteristics:
 Your strength was 16 (limit:18/100).
 Your dexterity was 15 (limit:18).
 Your constitution was 18 (limit:18).
 Your intelligence was 9 (limit:18).
 Your wisdom was 7 (limit:18).
 Your charisma was 10 (limit:18).

Final Status:
 You weren't hungry.
 You were unencumbered.
 You were wielding a long sword.
 You had basic skill with long sword and could have enhanced that.

Final Attributes:
 You were piously aligned.
 You were telepathic.
 You were guarded.
 You were fast.
 You are dead.

Miscellaneous:
 You didn't encounter any bones levels.
 Total elapsed playing time was 16 minutes and 39 seconds.

Major events:
 Turn
    1: Drastanta the lawful male human Samurai entered the dungeon
  794: attained the rank of Ronin (level 3)
 1046: entered the Gnomish Mines
 1604: reached Mine Town
 1678: attained the rank of Ninja (level 6)
 2209: killed by a killer bee

You didn't know any spells.

Skills:
 Fighting Skills
   martial arts      [Basic]
   two weapon combat [Unskilled]
   riding            [Unskilled]
 Weapon Skills
   dagger            [Unskilled]
   knife             [Unskilled]
   short sword       [Basic]
   broadsword        [Unskilled]
   long sword        [Basic]
   two-handed sword  [Unskilled]
   saber             [Unskilled]
   flail             [Unskilled]
   quarterstaff      [Unskilled]
   polearms          [Unskilled]
   spear             [Unskilled]
   lance             [Unskilled]
   bow               [Basic]
   shuriken          [Unskilled]
 Spellcasting Skills
   attack spells     [Unskilled]
   divination spells [Unskilled]
   clerical spells   [Unskilled]

Voluntary challenges:
 Character rerolling was not enabled.
 You were illiterate.
 You never genocided any monsters.
 You never polymorphed an object.
 You never changed form.
 You used no wishes.
Achievements:
 You entered a shop.
 You attained the rank of Ronin.
 You entered the Gnomish Mines.
 You entered Minetown.
 You attained the rank of Ninja.
 You entered a temple.

 The Dungeons of Doom: levels 1 to 5
    Level 1:
       A fountain, a grave.
    Level 2:
       A fountain, a sink.
    Level 3:
       A tool shop, some fountains, a tree.
    Level 4:
       A fountain.
       Stairs down to The Gnomish Mines.
    Level 5:
       A fountain.
 The Gnomish Mines: levels 5 to 7
    Level 5:
    Level 6:
    Level 7: <- You were here.
       Many shops, a temple and an altar, many fountains.
       Final resting place for
          you, killed by a killer bee.


Vanquished creatures:
  2 small mimics
  a dingo
  a bugbear
  a violet fungus
  4 gnome leaders
  2 gnomish wizards
  2 giant ants
  a little dog
  a floating eye
  a homunculus
  a kobold leader
  a rabid rat
 an orc zombie
  a dwarf zombie
  a werejackal
  a killer bee
  a giant rat
  a green mold
 22 gnomes
  a gecko
  a jackal
  a goblin
  4 grid bugs
  2 bats
  3 lichens
  2 kobold zombies
  5 newts
65 creatures vanquished.

No species were genocided or became extinct.

Game over:
                       ----------
                      /          \
                     /    REST    \
                    /      IN      \
                   /     PEACE      \
                  /                  \
                  |    Drastanta     |
                  |       0 Au       |
                  |   killed by a    |
                  |    killer bee    |
                  |                  |
                  |                  |
                  |       2026       |
                 *|     *  *  *      | *
        _________)/\\_//(\/(/\)/\//\/|_)_______

Sayonara Drastanta the Samurai...

You died in The Gnomish Mines on dungeon level 7 with 2472 points,
and 0 pieces of gold, after 2209 moves.
You were level 6 with a maximum of 57 hit points when you died.

